[Event "Early-Titled-Tuesday-Blitz-January-16-2024"]
[Site "Chess.com"]
[Date "2024.01.16"]
[Round "3"]
[White "Happy1712Drummer"]
[Black "Ginger_GM"]
[Result "0-1"]
[WhiteElo "2478"]
[BlackElo "2680"]
[TimeControl "180+1"]
[EndTime "8:28:34 PST"]
[Termination "Ginger_GM won on time"]

1. d4 e6 2. Nf3 f5 3. g3 Nf6 4. Bg2 Be7 5. O-O O-O 6. b3 Ne4 7. Bb2 Bf6 8. c4 d6 9. Qc2 Nc6 10. Nbd2 Nxd2 11. Qxd2 e5 12. dxe5 dxe5 13. Rad1 Qe7 14.
Qc1 a5 15. Ba3 Nb4 16. e4 f4 17. gxf4 exf4 18. Qxf4 Bb2 19. Bxb4 axb4 20. Qd2 Bc3 21. Qd5+ Kh8 22. e5 Rxa2 23. Nd4 Ra6 24. Rd3 Rh6 25.
f4 c6 26. Qe4 Qc5 27. Kh1 Rh4 28. Ne2 Bf5 29. Qe3 Qe7 30. Rd6 Re8 31. Qc5 Rh5 32. Ng3 Qh4 0-1

[Event "Early-Titled-Tuesday-Blitz-January-16-2024"]
[Site "Chess.com"]
[Date "2024.01.16"]
[Round "3"]
[White "Bekkedahl"]
[Black "1mbl4"]
[Result "0-1"]
[WhiteElo "2296"]
[BlackElo "2575"]
[TimeControl "180+1"]
[EndTime "8:28:34 PST"]
[Termination "1mbl4 won by resignation"]

1. e4 e5 2. Nf3 Nc6 3. Bb5 a6 4. Ba4 Bc5 5. O-O d6 6. h3 Bd7 7. c3 Nge7 8. d4 Ba7 9. Bg5 f6 10. Bh4 Ng6 11. Bg3 O-O 12. Bb3+ Kh8 13. d5 Nce7 14.
Nbd2 h6 15. Nh4 Nxh4 16. Bxh4 g5 17. Bg3 f5 18. exf5 Nxf5 19. Kh2 Qf6 20. Ne4 Qg7 21.
Qh5 Be8 22. Qg4 Bd7 23. Qh5 Be8 24. Qg4 Bg6 25. Bc2 Rf7 26. c4 Raf8 27. Bd3 Bd4 28.
Rab1 Ne7 29. Qe2 Bf5 30. Nd2 Ng6 31. Bxf5 Rxf5 32. Ne4 Qf7 33. b3 b6 34. Rbd1 a5 35. a4 Nf4 36. Bxf4 gxf4 37. Rd3 f3 38. g3 fxe2 0-1

[Event "Early-Titled-Tuesday-Blitz-January-16-2024"]
[Site "Chess.com"]
[Date "2024.01.16"]
[Round "3"]
[White "MANOJ_MISHRA123"]
[Black "Predo63"]
[Result "0-1"]
[WhiteElo "2253"]
[BlackElo "2502"]
[TimeControl "180+1"]
[EndTime "8:28:34 PST"]
[Termination "Predo63 won by resignation"]

1. d4 d5 2. Bf4 Nf6 3. e3 c6 4. Nd2 Bf5 5. c4 Nbd7 6. Qb3 Qb6 7. Ngf3 e6 8. c5 Qxb3 9. axb3 a6 10. b4 Rc8 11.
Nb3 Nh5 12. Na5 Nxf4 13. exf4 Rb8 14. Kd2 Be7 15. Kc3 O-O 16. h3 h6 17. g4 Be4 18.
Be2 Bxf3 19. Bxf3 Bd8 20. h4 Bc7 21. f5 exf5 22. gxf5 Bxa5 23. bxa5 Nf6 24. Rhg1 Rfe8 25. Rg3 Kh7 26. Rag1 Rg8 27. Kd3 Rbe8 28. Bh1 Re7 29. Re3 Rge8 30. Bf3 Kg8 31. Rge1 Kf8 32. Re5 Nd7 33.
R5e3 g6 34. fxg6 fxg6 35. h5 g5 36. Bg4 Nf6 37. Rxe7 Rxe7 38. Rxe7 Kxe7 39. Bc8 Kd8 40. Bxb7 Kc7 41. Bxa6 Nxh5 42. b4 Nf4+ 43. Ke3 h5 44. b5 cxb5 45. Bxb5 h4 46. Kf3 Ne6 47. a6 Nxd4+ 48.
Kg4 Nxb5 49. f4 gxf4 50. Kxf4 Kc6 51. Kg4 d4 52. a7 Nxa7 53. Kxh4 d3 54. Kg3 d2 55. Kf2 d1=Q 0-1

[Event "Early-Titled-Tuesday-Blitz-January-16-2024"]
[Site "Chess.com"]
[Date "2024.01.16"]
[Round "3"]
[White "Njal28"]
[Black "DonkyDonkyDonkey"]
[Result "1-0"]
[WhiteElo "3032"]
[BlackElo "2755"]
[TimeControl "180+1"]
[EndTime "8:28:36 PST"]
[Termination "Njal28 won by resignation"]

1. d4 Nf6 2. c4 e6 3. Nc3 Bb4 4. e3 O-O 5. a3 Bxc3+ 6. bxc3 d5 7. cxd5 exd5 8. Bd3 b6 9. f3 Ba6 10. Ne2 Re8 11. O-O Bxd3 12. Qxd3 c5 13. Ng3 Nc6 14. Ra2 Rc8 15. Re2 Qd7 16. Bb2 cxd4 17. cxd4 Na5 18. e4 Qa4 19. e5 Nd7 20. Nf5 Rc6 21. f4 Nc4 22. Bc1 Nf8 23. h4 Na5 24. h5 Qb3 25. Qxb3 Nxb3 26. Be3 Ne6 27. Rd1 Na5 28. Nd6 Re7 29.
f5 Nf8 30. h6 Nc4 31. Nxc4 Rxc4 32. hxg7 Nd7 33. f6 Re6 34. Rdd2 b5 35. g4 Rec6 36. g5 Rc3 37. Bf4 Nb6 38. e6 fxe6 39. g6 hxg6 40. Rh2 Rc1+ 41. Kf2 Rc8 42. Re2 Kf7 43. Bxc1 Kxf6 44.
Rh8 Kxg7 45. Rxc8 Nxc8 46. Rxe6 Kf7 47. Ra6 Ke7 48. Bf4 Kd7 49. Rxg6 Nb6 50. Rxb6 axb6 51. Bd2 Ke6 52. Kf3 Kf5 53. Bc1 Kf6 54. Kf4 Ke6 55. Kg5 Kd6 56. Bd2 Ke6 57. Bb4 1-0

[Event "Early-Titled-Tuesday-Blitz-January-16-2024"]
[Site "Chess.com"]
[Date "2024.01.16"]
[Round "3"]
[White "mishanick"]
[Black "DrVitman"]
[Result "1-0"]
[WhiteElo "3085"]
[BlackElo "2782"]
[TimeControl "180+1"]
[EndTime "8:28:39 PST"]
[Termination "mishanick won by resignation"]

1. d4 Nf6 2. c4 d6 3. Nc3 e5 4. Nf3 Nc6 5. d5 Ne7 6. e4 Ng6 7. g3 Be7 8. h3 O-O 9. Be3 a5 10.
Bd3 Nd7 11. Qe2 Nc5 12. Bc2 b6 13. O-O-O f5 14. exf5 Bxf5 15. Bxf5 Rxf5 16. h4 h6 17. Nd2 Qd7 18. Qg4 Kh7 19. Nde4 Rf7 20. Qxd7 Nxd7 21. Nb5 Bd8 22. Kc2 Nf6 23. Kd3 Nxe4 24.
Kxe4 Ne7 25. b3 Ng8 26. Kd3 g6 27. h5 g5 28. Nc3 Nf6 29. Ne4 Nxe4 30. Kxe4 g4 31.
a3 Bg5 32. Ra1 Bxe3 33. fxe3 Rf3 34. Rag1 Rg8 35. Rg2 Rg5 36. b4 axb4 37. axb4 Rff5 38. Rh4 Rf1 39. Rhh2 Rff5 40. Rf2 Rxf2 41. Rxf2 Kg7 42. Rf5 Rxf5 43. Kxf5 Kf7 44. b5 1-0

[Event "Early-Titled-Tuesday-Blitz-January-16-2024"]
[Site "Chess.com"]
[Date "2024.01.16"]
[Round "3"]
[White "BigAl"]
[Black "Seochesspie"]
[Result "0-1"]
[WhiteElo "2553"]
[BlackElo "2806"]
[TimeControl "180+1"]
[EndTime "8:28:40 PST"]
[Termination "Seochesspie won by resignation"]

1. Nf3 Nf6 2. g3 b5 3. Bg2 Bb7 4. O-O g6 5. c3 Bg7 6. a4 a6 7.
axb5 axb5 8. Rxa8 Bxa8 9. Na3 c6 10. Ne5 Na6 11. d4 O-O 12. Qb3 Qc7 13. e4 d6 14. Nd3 Qb8 15. e5 Ne8 16. exd6 Nxd6 17. Re1 e6 18. Bf4 Qd8 19. Ne5 Nb8 20. h4 Nf5 21.
Nc2 Qc8 22. Ra1 Nd7 23. Rxa8 Qxa8 24. Nxd7 Rd8 25. Ne5 Rc8 26. Nxc6 Rxc6 27. Nb4 Qa1+ 28. Kh2 Rc8 29. Nc6 Qe1 30. Qc2 h5 31. Bg5 Kh7 32.
b3 Ra8 33. Nd8 Ra7 34. d5 exd5 35. Bxd5 f6 36. Bf4 Rd7 37. Be4 Rxd8 38. Bxf5 gxf5 39.
Qxf5+ Kg8 40. Be3 Qxc3 41. Qe6+ Kh8 42. Qf5 Qe5 43. Qf3 0-1

[Event "Early-Titled-Tuesday-Blitz-January-16-2024"]
[Site "Chess.com"]
[Date "2024.01.16"]
[Round "3"]
[White "BelyakovBogdan"]
[Black "wadsy27"]
[Result "1-0"]
[WhiteElo "2465"]
[BlackElo "2629"]
[TimeControl "180+1"]
[EndTime "8:28:42 PST"]
[Termination "BelyakovBogdan won on time"]

1. e4 e6 2. d4 d5 3. Nc3 Bb4 4.
e5 c5 5. Bd2 Ne7 6. a3 Bxc3 7.
Bxc3 cxd4 8. Qxd4 Nbc6 9. Qg4 Ng6 10. f4 h5 11. Qg3 Qh4 12. Nf3 Qxf4 13. Bd3 Qxg3+ 14.
hxg3 Nge7 15. g4 g6 16. gxh5 Rxh5 17. Rxh5 gxh5 18. Kf2 Bd7 19. Rh1 d4 20. Bxd4 Nxd4 21. Nxd4 O-O-O 22. Rxh5 Bc6 23. c3 Rg8 24. g3 Kd7 25. c4 Rg4 26. Rh4 Rg5 27. Rh7 Ke8 28. Rh8+ Kd7 29. Rh7 Ke8 30. b4 Rxe5 31. b5 Be4 32. Rh8+ Kd7 33. Be2 Nf5 34. Nxf5 Rxf5+ 35. Ke3 Bg2 36. Ra8 a6 37. bxa6 bxa6 38. Rxa6 Re5+ 39.
Kf2 f5 40. Bh5 Bc6 41. Bf7 Kc7 42. Ra7+ Kb6 43. Re7 1-0

[Event "Early-Titled-Tuesday-Blitz-January-16-2024"]
[Site "Chess.com"]
[Date "2024.01.16"]
[Round "3"]
[White "Nikita_Klepikov"]
[Black "slorovel"]
[Result "0-1"]
[WhiteElo "2325"]
[BlackElo "2584"]
[TimeControl "180+1"]
[EndTime "8:28:42 PST"]
[Termination "slorovel won by resignation"]

1. e4 e6 2. d3 d5 3. Nd2 Nc6 4. Ngf3 Nf6 5. g3 dxe4 6. dxe4 e5 7. Bb5 Bd6 8. O-O O-O 9. Re1 Bd7 10. c3 Qe7 11. Nc4 a6 12. Nxd6 cxd6 13. Bd3 Bg4 14. Bf1 Rad8 15. h3 Bc8 16. Bg5 h6 17. Bxf6 Qxf6 18. Bg2 Be6 19. Qe2 Na5 20. b3 Rc8 21. c4 Nc6 22. Rad1 Rfd8 23. Qe3 Qe7 24. Qb6 Qc7 25.
Qxc7 Rxc7 26. Rd2 Kf8 27. Red1 Ke7 28. Bf1 f5 29. exf5 Bxf5 30. g4 Be4 31. Bg2 Bxf3 32. Bxf3 Nd4 33. Bd5 Rf8 34. Kg2 b5 35. Re1 Kd7 36. Re4 g5 37. Rd3 b4 38. Re1 a5 39.
Kg3 Kc8 40. Rh1 Ne2+ 41. Kh2 Rxf2+ 42. Bg2 Rxg2+ 43. Kxg2 Nf4+ 44. Kf3 Nxd3 45. Ke4 Nf4 46. h4 a4 47. hxg5 hxg5 48. Rh8+ Kb7 49. Rg8 axb3 50. axb3 Ne6 51. Kd5 Nc5 52. Kxd6 Nxb3 53. Rxg5 Nd2 54. c5 Ne4+ 0-1

[Event "Early-Titled-Tuesday-Blitz-January-16-2024"]
[Site "Chess.com"]
[Date "2024.01.16"]
[Round "3"]
[White "Russian_berezka"]
[Black "SmirnovTimofey2000"]
[Result "1-0"]
[WhiteElo "2546"]
[BlackElo "2000"]
[TimeControl "180+1"]
[EndTime "8:28:44 PST"]
[Termination "Russian_berezka won on time"]

1. b4 d5 2. Bb2 e6 3. a3 Nf6 4. e3 b6 5. c4 Ba6 6. Qc2 Be7 7. Nf3 O-O 8. d4 Nbd7 9. c5 Bxf1 10. Kxf1 c6 11.
Nbd2 b5 12. g3 a5 13. Kg2 h6 14. e4 dxe4 15. Nxe4 Nxe4 16. Qxe4 Qc7 17. a4 Nf6 18. Qd3 Nd5 19. bxa5 Rxa5 20. axb5 Rxb5 21. Bc1 Rfb8 22.
Ne5 Bf6 23. Ng4 Rb3 24. Qd1 Nc3 25. Qe1 Bxd4 26. Bf4 e5 27. Nxe5 Rb1 28. Nf3 Rxe1 29. Bxc7 Rxh1 30. Rxh1 Rc8 31. Bd6 Ne4 32. Nxd4 Nxd6 33.
cxd6 c5 34. Nf5 g6 35. Ne7+ 1-0

[Event "Early-Titled-Tuesday-Blitz-January-16-2024"]
[Site "Chess.com"]
[Date "2024.01.16"]
[Round "3"]
[White "falzehope0"]
[Black "chucksterf10"]
[Result "0-1"]
[WhiteElo "2385"]
[BlackElo "2654"]
[TimeControl "180+1"]
[EndTime "8:28:44 PST"]
[Termination "chucksterf10 won on time"]

1. d4 a6 2. e3 b5 3. f4 Bb7 4. Nf3 e6 5. Bd3 c5 6. c3 Nf6 7. Nbd2 Nc6 8. O-O Rc8 9. a3 d6 10.
e4 cxd4 11. cxd4 Qb6 12. Nb3 d5 13. e5 Ne4 14. Kh1 h5 15. Be3 h4 16. Qe2 Ne7 17. Bxe4 dxe4 18. Ng5 Nf5 19. Rac1 Rxc1 20. Rxc1 Be7 21.
Nh3 O-O 22. Nc5 Rd8 23. Qf2 Bd5 24. b4 a5 25. Ng1 axb4 26. axb4 Ra8 27. Rc2 Ra1 28. h3 Ng3+ 29. Kh2 Rf1 30. Qd2 Rxf4 31. Bxf4 Nf1+ 32. Kh1 Nxd2 33. Bxd2 Qa7 34. Be3 Qa3 35. Rf2 Qxe3 36. Re2 Qxd4 37. Nd7 e3 38. Nc5 Bxc5 39. bxc5 b4 0-1

[Event "Early-Titled-Tuesday-Blitz-January-16-2024"]
[Site "Chess.com"]
[Date "2024.01.16"]
[Round "3"]
[White "blitzking1729"]
[Black "Glaive_64"]
[Result "1-0"]
[WhiteElo "2683"]
[BlackElo "2357"]
[TimeControl "180+1"]
[EndTime "8:28:45 PST"]
[Termination "blitzking1729 won by resignation"]

1. c4 Nf6 2. Nc3 g6 3. g3 Bg7 4.
Bg2 O-O 5. e4 d6 6. Nge2 c5 7.
O-O Nc6 8. d3 a6 9. h3 Rb8 10.
a4 Bd7 11. Bg5 h6 12. Be3 Kh7 13. Qd2 e5 14. f4 Nd4 15. Rab1 b5 16. axb5 axb5 17.
cxb5 Bxb5 18. Nxb5 Rxb5 19. Kh2 Qb6 20. Nc3 Rb3 21.
fxe5 dxe5 22. Rf2 Rb8 23. g4 Qa6 24. g5 hxg5 25. Bxg5 Nh5 26. Rxf7 Qe6 27. Rf2 Qb6 28. Nd5 Qa6 29. Bf1 Qe6 30. Qd1 Qd7 31. Qg4 Qb5 32. Rg2 Qe8 33. Be3 c4 34. dxc4 Nc6 35. c5 Nd4 36. Bc4 R3b7 37. Rbg1 Rxb2 38. Nc7 R8b3 39. Nxe8 1-0

[Event "Early-Titled-Tuesday-Blitz-January-16-2024"]
[Site "Chess.com"]
[Date "2024.01.16"]
[Round "3"]
[White "j2806"]
[Black "reniite"]
[Result "1-0"]
[WhiteElo "2086"]
[BlackElo "2345"]
[TimeControl "180+1"]
[EndTime "8:28:45 PST"]
[Termination "j2806 won by checkmate"]

1. e4 e5 2. Nf3 Nf6 3. Nxe5 d6 4. Nf3 Nxe4 5. Nc3 Nxc3 6. dxc3 Be7 7. Bd3 O-O 8. Bf4 c5 9. Qd2 d5 10. O-O-O Qa5 11. Kb1 Be6 12. Ng5 d4 13. c4 Bxg5 14. Qxa5 Bxf4 15. Qxc5 Nc6 16. Qh5 g6 17. Qf3 Bh6 18.
Rde1 Rfd8 19. h4 Bg7 20. h5 Rac8 21. hxg6 Ne5 22. gxf7+ Bxf7 23. Bxh7+ Kf8 24. Rxe5 Bxe5 25. Bg6 Rc7 26. Qf5 Bg7 27. f4 Rdd7 28. b3 b6 29. Re1 Re7 30. Rd1 Red7 31. g4 Rd6 32.
Bxf7 Rf6 33. Qd5 Rfxf7 34. Qd8# 1-0

[Event "Early-Titled-Tuesday-Blitz-January-16-2024"]
[Site "Chess.com"]
[Date "2024.01.16"]
[Round "3"]
[White "tactic"]
[Black "LoScecco"]
[Result "1-0"]
[WhiteElo "2552"]
[BlackElo "2207"]
[TimeControl "180+1"]
[EndTime "8:28:46 PST"]
[Termination "tactic won by resignation"]

1. e4 c5 2. g3 g6 3. Bg2 Bg7 4. d3 Nc6 5. Ne2 d6 6. O-O e5 7. f4 Nge7 8. Nbc3 O-O 9. a3 Rb8 10. Rb1 a5 11. Nb5 Bg4 12. c3 f5 13. h3 Bxe2 14.
Qxe2 exf4 15. Bxf4 Ne5 16. d4 cxd4 17. cxd4 Nf7 18.
Kh2 fxe4 19. Bxe4 Nc6 20. Qd3 Qb6 21. Nxd6 Kh8 22. Nxf7+ Rxf7 23. Bxb8 Rxf1 24. Rxf1 Nxb8 25. Qc2 Nc6 26. d5 Ne7 27. Rf7 Kg8 28. Rxe7 Qd6 29. Qc8+ Bf8 30. Qe6+ Qxe6 31. Rxe6 1-0

[Event "Early-Titled-Tuesday-Blitz-January-16-2024"]
[Site "Chess.com"]
[Date "2024.01.16"]
[Round "3"]
[White "LangesNasenhaar"]
[Black "Maestro-Fermin"]
[Result "0-1"]
[WhiteElo "2430"]
[BlackElo "2616"]
[TimeControl "180+1"]
[EndTime "8:28:47 PST"]
[Termination "Maestro-Fermin won on time"]

1. d4 e6 2. Nc3 b6 3. e4 Bb7 4. Bd3 f5 5. Nf3 Bb4 6. exf5 Nf6 7. fxe6 dxe6 8. Qe2 O-O 9. Bd2 Nc6 10. O-O-O Nxd4 11. Nxd4 Qxd4 12. f3 Rfe8 13. Kb1 Qh4 14. g3 Qh5 15. Rhf1 Rad8 16. h4 e5 17. g4 Qf7 18. h5 Nd5 19. Nxd5 Bxd2 20. Nxc7 Qxc7 21. Rxd2 Rf8 22. Bf5 Rde8 23.
Rd7 Qc6 24. Qd3 e4 25. Qb3+ Kh8 26. Rxb7 Qxb7 27. fxe4 Qxe4 28. Rd1 Qe2 29. Rc1 Qe5 30. a3 Qf6 31. Bd3 Re5 32. Qa4 Qe7 33. Qc4 Re8 34. Qf4 Re1 35. Rxe1 Qxe1+ 36. Ka2 Qe6+ 0-1

[Event "Early-Titled-Tuesday-Blitz-January-16-2024"]
[Site "Chess.com"]
[Date "2024.01.16"]
[Round "3"]
[White "ozates"]
[Black "maHmoUd-S-haddAd-M"]
[Result "1-0"]
[WhiteElo "2592"]
[BlackElo "2339"]
[TimeControl "180+1"]
[EndTime "8:28:48 PST"]
[Termination "ozates won by checkmate"]

1. Nf3 Nc6 2. e4 d5 3. exd5 Qxd5 4. Nc3 Qh5 5. Nb5 Kd8 6. d4 Bg4 7. d5 Bxf3 8. gxf3 Nb4 9. Bf4 Na6 10. c4 Nf6 11.
Be2 g5 12. Be5 Bg7 13. d6 exd6 14. Nxd6 cxd6 15. Qxd6+ Nd7 16. Bxg7 Re8 17. O-O-O Nb8 18. Be5 Rxe5 19. Qxe5 Nc6 20. Qh8+ Kc7 21. Rxd7+ Kxd7 22. Qxa8 Qg6 23. Rd1+ Kc7 24. Qe8 Qf5 25. Qe4 Qa5 26. a3 a6 27. Qd5 Qa4 28. c5 Kb8 29. Qc4 Qa5 30. Kb1 Qc7 31. Qd3 Ka7 32. Qxh7 Qe5 33. Qe4 Qxh2 34. Rd7 Qxf2 35. Qxc6 Qe1+ 36. Ka2 Qxe2 37.
Qxb7# 1-0

[Event "Early-Titled-Tuesday-Blitz-January-16-2024"]
[Site "Chess.com"]
[Date "2024.01.16"]
[Round "3"]
[White "tusplingher"]
[Black "cristiano78"]
[Result "1-0"]
[WhiteElo "2497"]
[BlackElo "2262"]
[TimeControl "180+1"]
[EndTime "8:28:49 PST"]
[Termination "tusplingher won by resignation"]

1. e4 c5 2. Nf3 d6 3. Bb5+ Bd7 4.
Bxd7+ Qxd7 5. O-O g6 6. c3 Bg7 7. Re1 Nc6 8. d4 e5 9. dxc5 dxc5 10. Qxd7+ Kxd7 11. Na3 Nge7 12. Be3 b6 13. Nb5 Rhd8 14.
Rad1+ Ke8 15. Nc7+ Kf8 16. Nxa8 Rxa8 17. Rd7 Ke8 18.
Red1 Nd4 19. Rb7 Nxf3+ 20. gxf3 Nc6 21. Rc7 Nd8 22. Rdd7 Bf6 23. Rd5 Ne6 24. Rb7 Nd8 25. Rbd7 Ne6 26. Rd1 Rd8 27. Rxd8+ Bxd8 28. Kf1 f5 29. a4 f4 30. Bc1 Ng5 31. Ke2 Nf7 32. Rd5 Bf6 33. b4 cxb4 34. cxb4 Ke7 35. Bb2 Ke6 36.
a5 Nd6 37. axb6 axb6 38. Kd3 b5 39. Bc3 Bg7 40. Rc5 g5 41. Rc7 Kf6 42. Rd7 Nf7 43.
Rd5 h5 44. Rxb5 g4 45. fxg4 hxg4 46. Rd5 Ke6 47. b5 Ng5 48. b6 Nf3 49. b7 Nxh2 50.
b8=Q g3 51. Rd6+ Kf7 52. Qc7+ Kg8 53. Rg6 1-0

[Event "Early-Titled-Tuesday-Blitz-January-16-2024"]
[Site "Chess.com"]
[Date "2024.01.16"]
[Round "3"]
[White "SarochaChuemsakul"]
[Black "sakkikuska"]
[Result "0-1"]
[WhiteElo "2400"]
[BlackElo "2609"]
[TimeControl "180+1"]
[EndTime "8:28:50 PST"]
[Termination "sakkikuska won by resignation"]

1. d4 Nf6 2. c4 g6 3. Nf3 Bg7 4. Nc3 d5 5. cxd5 Nxd5 6. e4 Nxc3 7. bxc3 c5 8. Be2 Nc6 9. Be3 O-O 10. O-O Qc7 11. Rc1 e6 12. Qc2 Rd8 13. Rfd1 a6 14.
h4 b5 15. h5 Bb7 16. h6 Bf6 17. e5 Be7 18. Bg5 Rac8 19. Qd2 Bxg5 20. Qxg5 Qe7 21. Qf4 cxd4 22. cxd4 Nb4 23. a3 Nd5 24. Qd2 Qxa3 25. Ra1 Qe7 26. Rac1 b4 27. Bd3 a5 28. Be4 Nc3 29.
Bxb7 Qxb7 30. Re1 a4 31. Qf4 Nd5 32. Qe4 b3 33. Ng5 b2 34. Rxc8 Rxc8 0-1

[Event "Early-Titled-Tuesday-Blitz-January-16-2024"]
[Site "Chess.com"]
[Date "2024.01.16"]
[Round "3"]
[White "RaugintaBulba"]
[Black "Malikova777"]
[Result "0-1"]
[WhiteElo "2460"]
[BlackElo "2289"]
[TimeControl "180+1"]
[EndTime "8:28:51 PST"]
[Termination "Malikova777 won by resignation"]

1. d4 Nf6 2. c4 e6 3. Nf3 d5 4.
g3 dxc4 5. Bg2 Bb4+ 6. Bd2 a5 7. a3 Bxd2+ 8. Nbxd2 b5 9. O-O c6 10. b3 cxb3 11. Qxb3 O-O 12. Rfc1 Ra6 13. e3 Bd7 14. Ne5 Nd5 15. Ne4 f6 16. Nd3 a4 17. Qb2 Rb6 18.
Nec5 Na6 19. Nxa6 Rxa6 20. Nc5 Rb6 21. Rab1 Bc8 22. e4 Nc7 23. Nxa4 Ra6 24. Nc5 Ra7 25. e5 fxe5 26. dxe5 Nd5 27. Ne4 Qb6 28. Rc5 Ra4 29. Rbc1 Bd7 30. Qb3 Rfa8 31. Qd1 Rxa3 32. Qg4 Ra1 33.
h4 Kh8 34. Ng5 Qxc5 0-1

[Event "Early-Titled-Tuesday-Blitz-January-16-2024"]
[Site "Chess.com"]
[Date "2024.01.16"]
[Round "3"]
[White "Yaacovn"]
[Black "KarstenHansch"]
[Result "1-0"]
[WhiteElo "2890"]
[BlackElo "2661"]
[TimeControl "180+1"]
[EndTime "8:28:52 PST"]
[Termination "Yaacovn won by resignation"]

1. d4 Nf6 2. Bg5 g6 3. Bxf6 exf6 4. g3 f5 5. e3 Bg7 6. Bg2 O-O 7. Ne2 d6 8. O-O Nd7 9. c4 Nf6 10. Nbc3 c6 11.
b4 c5 12. Rb1 Rb8 13. Qa4 a6 14. Rfd1 Qc7 15. Nd5 Nxd5 16. Bxd5 cxd4 17. Nxd4 Bxd4 18. Rxd4 Be6 19. Qb3 Rbc8 20. Rc1 Qb6 21. Rcd1 Rfd8 22. a3 Kg7 23. h4 h5 24. Qb2 Bxd5 25. Rxd5+ f6 26. Qb3 Qc6 27. c5 Rd7 28. Rxd6 Rxd6 29. Rxd6 Qe4 30. Rd7+ Kh6 31. Qf7 1-0

[Event "Early-Titled-Tuesday-Blitz-January-16-2024"]
[Site "Chess.com"]
[Date "2024.01.16"]
[Round "3"]
[White "Quattroporte300"]
[Black "Sokoloco"]
[Result "0-1"]
[WhiteElo "2470"]
[BlackElo "2768"]
[TimeControl "180+1"]
[EndTime "8:28:52 PST"]
[Termination "Sokoloco won by resignation"]

1. e4 d6 2. d4 g6 3. Nf3 Bg7 4. Bc4 e6 5. Nc3 Nf6 6. Bb3 O-O 7. h3 c5 8. dxc5 dxc5 9. Qxd8 Rxd8 10.
Be3 b6 11. Ke2 Ba6+ 12. Ke1 Nc6 13. Rd1 Nd7 14. Ba4 Bxc3+ 15. bxc3 b5 16. Rd6 Nde5 17.
Bxc5 Nxf3+ 18. gxf3 Rxd6 19. Bxd6 bxa4 20. f4 Rd8 21. e5 f6 22. f3 fxe5 23. fxe5 Na5 24. Kf2 Nc4 25. Rd1 Nxd6 26. exd6 Kf7 27. f4 Ke8 28.
Rd4 Bb5 29. Ke3 Kd7 30. Rb4 Bc6 31. Rd4 Rb8 32. h4 Rb2 33. Kd2 Rxa2 34. Rb4 Ra1 35. Rb8 Rh1 0-1

[Event "Early-Titled-Tuesday-Blitz-January-16-2024"]
[Site "Chess.com"]
[Date "2024.01.16"]
[Round "3"]
[White "Witty_Alien"]
[Black "Sebastian"]
[Result "1-0"]
[WhiteElo "2354"]
[BlackElo "2943"]
[TimeControl "180+1"]
[EndTime "8:28:52 PST"]
[Termination "Witty_Alien won by checkmate"]

1. e4 c5 2. Nf3 d6 3. d4 cxd4 4.
c3 Nf6 5. Bd3 dxc3 6. O-O g6 7.
Nxc3 Bg7 8. Bg5 O-O 9. Rc1 Nc6 10. Qd2 Bg4 11. Qf4 Bxf3 12. Qxf3 Rc8 13. Qh3 Qa5 14. f4 Qb6+ 15. Kh1 Qxb2 16. Nd5 Rb8 17. Rxc6 bxc6 18. Nxe7+ Kh8 19. e5 dxe5 20. f5 Nh5 21. fxg6 fxg6 22. Rg1 Rbe8 23. Nxg6+ hxg6 24. Bxg6 Qe2 25. Bxh5 Qf1 26.
Bf7+ Bh6 27. Qxh6# 1-0

[Event "Early-Titled-Tuesday-Blitz-January-16-2024"]
[Site "Chess.com"]
[Date "2024.01.16"]
[Round "3"]
[White "Zakaryan_David"]
[Black "JCVanDamme10"]
[Result "1-0"]
[WhiteElo "2672"]
[BlackElo "2319"]
[TimeControl "180+1"]
[EndTime "8:28:52 PST"]
[Termination "Zakaryan_David won on time"]

1. e4 c5 2. Nf3 e6 3. d4 cxd4 4.
Nxd4 a6 5. c4 Nf6 6. Nc3 d6 7. Be3 Be7 8. Be2 Nbd7 9. Rc1 O-O 10. f3 Qc7 11. Kd2 b6 12. Kc2 Bb7 13. Kb1 Rfc8 14. g4 Qd8 15. h4 Ne5 16. g5 Nfd7 17. b3 b5 18. f4 b4 19. Na4 Bxe4+ 20. Ka1 Bxh1 21. Qxh1 Ng6 22. h5 Ngf8 23. g6 fxg6 24.
hxg6 hxg6 25. Bg4 Kf7 26. Qh3 Bf6 27. Kb1 Bxd4 28. Bxd4 Nf6 29. Bf3 e5 30. Bb2 Qd7 31. Qg2 Qf5+ 32. Ka1 e4 33. Be2 Re8 34. Rd1 d5 35. Nb6 Rad8 36. Nxd5 Nxd5 37. cxd5 Nd7 38. d6 Nf6 39. Bc4+ Kf8 40. Rh1 Nh5 41. Qd2 e3 42. Qxb4 1-0

[Event "Early-Titled-Tuesday-Blitz-January-16-2024"]
[Site "Chess.com"]
[Date "2024.01.16"]
[Round "3"]
[White "crescentmoon2411"]
[Black "CSB7"]
[Result "1-0"]
[WhiteElo "2932"]
[BlackElo "2691"]
[TimeControl "180+1"]
[EndTime "8:28:53 PST"]
[Termination "crescentmoon2411 won by resignation"]

1. d4 Nf6 2. c4 a6 3. g3 e6 4. Bg2 d5 5. Nf3 dxc4 6. O-O Nc6 7. e3 Rb8 8. Qe2 b5 9. b3 cxb3 10. axb3 Bb7 11. Ba3 Bxa3 12. Nxa3 O-O 13. Rfc1 Nb4 14. Ne5 Bxg2 15. Kxg2 Nd7 16. Nxd7 Qxd7 17. Nc2 Nxc2 18. Qxc2 Ra8 19. Qc6 Qxc6+ 20. Rxc6 Rfc8 21. Raxa6 Rxa6 22. Rxa6 Kf8 23. b4 Ke7 24. g4 Kd7 25. f4 h5 26. g5 g6 27. Kf3 Re8 28. Ke4 Rd8 29. Ke5 Ke7 30. e4 Rd6 31. Ra7 Kd7 32. Rb7 Kc6 33. Rb8 Rd7 34. h4 Rd6 35. Rf8 Rd7 36.
Re8 Kb7 37. d5 exd5 38. exd5 c6 39. d6 Kb6 40. Re7 Rd8 41. Rxf7 c5 42. bxc5+ Kxc5 43. Rc7+ Kb6 44. Ke6 b4 45. Rc1 Kb5 46. d7 Rh8 47. Rc8 1-0

[Event "Early-Titled-Tuesday-Blitz-January-16-2024"]
[Site "Chess.com"]
[Date "2024.01.16"]
[Round "3"]
[White "AlexTruskavetsky"]
[Black "bancsoo"]
[Result "0-1"]
[WhiteElo "2688"]
[BlackElo "2929"]
[TimeControl "180+1"]
[EndTime "8:28:53 PST"]
[Termination "bancsoo won on time"]

1. d4 d5 2. c4 c6 3. Nf3 Nf6 4. Nc3 dxc4 5. e4 b5 6. Be2 e6 7.
O-O Bb7 8. Rb1 Qc7 9. b3 b4 10. e5 Nd5 11. Nxd5 cxd5 12. bxc4 dxc4 13. Bg5 h6 14.
Bh4 Nd7 15. Qa4 a5 16. Rfc1 c3 17. Bb5 g5 18. Bg3 Bd5 19. a3 Be7 20. Ne1 Rb8 21.
Nc2 Qb7 22. Bxd7+ Qxd7 23. Qxa5 b3 24. Ne3 c2 25. Nxd5 cxb1=Q 26. Nc7+ Kf8 27. Rxb1 Kg7 28. d5 Rhc8 29. d6 Bd8 30. f4 Bxc7 31. dxc7 Qxc7 32. Qd2 Qc2 33. Qe1 b2 34. fxg5 Qxb1 35. gxh6+ Kh8 0-1

[Event "Early-Titled-Tuesday-Blitz-January-16-2024"]
[Site "Chess.com"]
[Date "2024.01.16"]
[Round "3"]
[White "IMRosen"]
[Black "eCztery"]
[Result "1-0"]
[WhiteElo "2651"]
[BlackElo "2459"]
[TimeControl "180+1"]
[EndTime "8:28:53 PST"]
[Termination "IMRosen won by checkmate"]

1. d4 Nf6 2. Bf4 e6 3. e3 d5 4. Nf3 c5 5. Nbd2 Nc6 6. c3 Bd6 7. Bg3 O-O 8. Bb5 Qe7 9. Bxc6 bxc6 10. Qa4 cxd4 11. exd4 Ne4 12. Qxc6 Bd7 13. Qa6 Bxg3 14. hxg3 Rfb8 15. Qd3 f5 16. b3 Rc8 17. c4 Qb4 18. O-O Be8 19. Rfd1 g5 20. Qe3 h6 21. Ne5 Nxd2 22. Qxd2 Qxd2 23. Rxd2 dxc4 24. bxc4 Rab8 25. Rc1 Kf8 26. f3 Ke7 27. Kf2 Rb4 28. g4 f4 29. Rh1 Rcb8 30. Rxh6 Rb2 31. Rh7+ Kf6 32. Ke2 Rxd2+ 33. Kxd2 Rb2+ 34. Kc3 Rxa2 35. c5 Ra1 36. c6 Bxc6 37. Rf7# 1-0

[Event "Early-Titled-Tuesday-Blitz-January-16-2024"]
[Site "Chess.com"]
[Date "2024.01.16"]
[Round "3"]
[White "SergioMoralesG"]
[Black "DDTerziev04"]
[Result "1-0"]
[WhiteElo "2439"]
[BlackElo "2156"]
[TimeControl "180+1"]
[EndTime "8:28:54 PST"]
[Termination "SergioMoralesG won on time"]

1. d4 Nf6 2. c4 g6 3. Nc3 Bg7 4. e4 d6 5. Nf3 O-O 6. Be2 e5 7. Be3 Nc6 8. d5 Ne7 9. Nd2 Nd7 10. b4 f5 11. f3 Nf6 12. c5 f4 13. Bf2 g5 14. h3 Ng6 15. cxd6 cxd6 16. Rc1 Rf7 17. Nb5 Bf8 18. Nxa7 Bd7 19. a4 h5 20. a5 Rg7 21. Nb5 Nh8 22. Nc7 Rc8 23.
Ne6 Bxe6 24. dxe6 Rxc1 25. Qxc1 Rc7 26. Qd1 Qc8 27. O-O Ng6 28. Qb3 Be7 29. b5 Rc3 30. Qb1 Kg7 31. a6 bxa6 32. bxa6 Rc7 33. a7 Qa8 34.
Qb6 Ne8 35. Qb8 Rc8 36. Qxa8 Rxa8 37. Rb1 Nf8 38. Rb8 Nc7 39. Rb7 Nfxe6 40. Bc4 Kf6 41. Bb6 Ne8 42. Bxe6 1-0